PBL
KELOWNA HEAT @ HOUSTON COLT .45'S
08/23/2044
 
TOP OF THE 1ST
Kelowna Heat batting - Pitching for Houston Colt .45's : LHP Mark Sanders
Pitching: LHP Mark Sanders
Batting: RHB Miguel Gonzalez 0-0: Ball
1-0: Ball
2-0: Ball
3-0: Base on Balls
Batting: RHB Sadataka Kuwahara 0-0: Swinging Strike
0-1: Swinging Strike
0-2: Ball
1-2: TRIPLE (Flyball, 89D, EV 102.5 MPH)
Miguel Gonzalez scores
Batting: LHB Chris West 0-0: Called Strike
0-1: Ball
1-1: Ball
2-1: Ball
3-1: Called Strike
3-2: Foul Ball, location: 2F
3-2: Foul Ball, location: 2F
3-2: Strikes out swinging
Batting: RHB Billy Pranger 0-0: Called Strike
0-1: Swinging Strike
0-2: Ball
1-2: Hit by Pitch
Batting: LHB Steve Nevis 0-0: Called Strike
0-1: Foul Ball, location: 2F
0-2: Fly out, F6 (Popup, 6, EV 61.9 MPH)
Batting: RHB Malik Sharpless 0-0: Swinging Strike
Passed Ball!
Sadataka Kuwahara scores
Billy Pranger to second
0-1: Called Strike
0-2: Strikes out swinging
Top of the 1st over - 2 runs, 1 hit, 0 errors, 1 left on base; Kelowna 2 - Houston 0
BOTTOM OF THE 1ST
Houston Colt .45's batting - Pitching for Kelowna Heat : RHP Tong Huang
Pitching: RHP Tong Huang
Batting: RHB Jarno van Lente 0-0: Ball
1-0: Ball
2-0: SINGLE (Groundball, 13S, EV 65.0 MPH) (infield hit)
Batting: LHB Bob Dietz 0-0: Ball
1-0: Called Strike
1-1: Foul Ball, location: 2F
1-2: Ball
Wild Pitch!
Jarno van Lente to second
2-2: Fly out, F9 (Line Drive, 9D, EV 109.4 MPH)
Runner from 2nd tags up, SAFE at 3rd, no throw by RF
Batting: SHB Chris Keziah 0-0: Ball
1-0: Foul Ball, location: 2F
1-1: Ball
2-1: Called Strike
2-2: Ball
3-2: Base on Balls
Batting: RHB Nate Britton 0-0: Ball
Wild Pitch!
Jarno van Lente scores
Chris Keziah to second
1-0: Ball
2-0: Ball
3-0: Base on Balls
Batting: RHB Jason Monico 0-0: Foul Ball, location: 2F
0-1: Called Strike
0-2: Ball
1-2: Ball
2-2: Ball
3-2: Fly out, F7 (Flyball, 7S, EV 93.1 MPH)
Batting: RHB To-wai Chen 0-0: Ball
1-0: Ball
2-0: Foul Ball, location: 2F
2-1: SINGLE (Flyball, 34D, EV 86.3 MPH)
Chris Keziah to third
Nate Britton to second
Runner from 3rd tries for Home, throw by RF and OUT! 9-2
Bottom of the 1st over - 1 run, 2 hits, 0 errors, 2 left on base; Kelowna 2 - Houston 1
TOP OF THE 2ND
Kelowna Heat batting - Pitching for Houston Colt .45's : LHP Mark Sanders
Batting: LHB Takaaki Nishimoto 0-0: Ball
1-0: Foul Ball, location: 2F
1-1: Foul Ball, location: 2F
1-2: Reached on error, E4 (Groundball, 4, EV 87.5 MPH)
Batting: RHB Josh Truell 0-0: Swinging Strike
0-1: Foul Ball, location: 2F
0-2: Ball
1-2: Strikes out looking
Batting: RHB Dave Putnam 0-0: Ball
1-0: Ball
2-0: Ball
3-0: Base on Balls
Takaaki Nishimoto to second
Batting: RHB Miguel Gonzalez 0-0: Ball
1-0: Grounds into double play, 5-4-3 (Groundball, 56, EV 87.5 MPH)
Top of the 2nd over - 0 runs, 0 hits, 1 error, 1 left on base; Kelowna 2 - Houston 1
BOTTOM OF THE 2ND
Houston Colt .45's batting - Pitching for Kelowna Heat : RHP Tong Huang
Batting: RHB Keith Goodwin 0-0: Ground out 5-3 (Groundball, 15, EV 87.5 MPH)
Batting: SHB Miguel Sierra 0-0: Called Strike
0-1: Ball
1-1: Foul Ball, location: 2F
1-2: Strikes out swinging
Batting: RHB Erik Smith 0-0: Ball
1-0: Fly out, F8 (Flyball, 89D, EV 103.8 MPH)
Bottom of the 2nd over - 0 runs, 0 hits, 0 errors, 0 left on base; Kelowna 2 - Houston 1
TOP OF THE 3RD
Kelowna Heat batting - Pitching for Houston Colt .45's : LHP Mark Sanders
Batting: RHB Sadataka Kuwahara 0-0: Ball
1-0: Called Strike
1-1: Ball
2-1: Foul Ball, location: 2F
2-2: Fly out, F4 (Flyball, 34D, EV 80.6 MPH)
Batting: LHB Chris West 0-0: Swinging Strike
0-1: Ball
1-1: Ground out 4-3 (Groundball, 4M, EV 91.9 MPH)
Batting: RHB Billy Pranger 0-0: Called Strike
0-1: Ball
1-1: SINGLE (Line Drive, 5D, EV 103.8 MPH)
Batting: LHB Steve Nevis 0-0: Ball
Passed Ball!
Billy Pranger to second
1-0: Ball
2-0: Ball
3-0: Base on Balls
Batting: RHB Malik Sharpless 0-0: Called Strike
0-1: Ball
1-1: Fly out, F5 (Popup, 56, EV 77.5 MPH)
Top of the 3rd over - 0 runs, 1 hit, 0 errors, 2 left on base; Kelowna 2 - Houston 1
BOTTOM OF THE 3RD
Houston Colt .45's batting - Pitching for Kelowna Heat : RHP Tong Huang
Batting: RHB Jarno van Lente 0-0: Called Strike
0-1: Ball
1-1: Foul Ball, location: 2F
1-2: Fly out, F7 (Flyball, 78S, EV 91.9 MPH)
Batting: LHB Bob Dietz 0-0: Called Strike
0-1: Foul Ball, location: 2F
0-2: SINGLE (Line Drive, 4MD, EV 100.0 MPH)
Batting: SHB Chris Keziah 0-0: Ball
1-0: Swinging Strike
1-1: Foul Ball, location: 2F
1-2: Ball
2-2: Ball
Wild Pitch!
Bob Dietz to second
3-2: Foul Ball, location: 2F
3-2: Foul Ball, location: 2F
3-2: Base on Balls
Batting: RHB Nate Britton 0-0: Foul Ball, location: 2F
0-1: Ball
1-1: Ball
2-1: Foul Ball, location: 2F
2-2: Ball
3-2: Base on Balls
Bob Dietz to third
Chris Keziah to second
Batting: RHB Jason Monico 0-0: Foul Ball, location: 2F
0-1: SINGLE (Line Drive, 6MD, EV 98.1 MPH)
Bob Dietz scores
Chris Keziah to third
Nate Britton to second
Runner from 3rd tries for Home, SAFE, throw by CF to home
Nate Britton to third
Jason Monico to second
Batting: RHB To-wai Chen 0-0: Foul Ball, location: 2F
0-1: Ball
1-1: Ball
2-1: Ball
3-1: Ground out U3 (Groundball, 34, EV 100.0 MPH)
Nate Britton scores
Jason Monico to third
Batting: RHB Keith Goodwin 0-0: Ball
1-0: Ball
2-0: Foul Ball, location: 2F
2-1: Ball
Wild Pitch!
Jason Monico scores
3-1: Foul Ball, location: 2F
3-2: Foul Ball, location: 2F
3-2: Base on Balls
Batting: SHB Miguel Sierra 0-0: Fly out, F5 (Popup, 5, EV 78.8 MPH)
Bottom of the 3rd over - 4 runs, 2 hits, 0 errors, 1 left on base; Kelowna 2 - Houston 5
TOP OF THE 4TH
Kelowna Heat batting - Pitching for Houston Colt .45's : LHP Mark Sanders
Batting: LHB Takaaki Nishimoto 0-0: Called Strike
0-1: Called Strike
0-2: Ball
1-2: Ball
2-2: Strikes out swinging
Batting: RHB Josh Truell 0-0: Swinging Strike
0-1: Called Strike
0-2: Ball
1-2: Fly out, F8 (Flyball, 8LD, EV 96.3 MPH)
Batting: RHB Dave Putnam 0-0: Called Strike
0-1: Ball
1-1: Fly out, F9 (Flyball, 9D, EV 90.6 MPH)
Top of the 4th over - 0 runs, 0 hits, 0 errors, 0 left on base; Kelowna 2 - Houston 5
BOTTOM OF THE 4TH
Houston Colt .45's batting - Pitching for Kelowna Heat : RHP Tong Huang
Batting: RHB Erik Smith 0-0: Called Strike
0-1: Ball
1-1: Ball
2-1: Ball
3-1: Called Strike
3-2: Strikes out swinging
Batting: RHB Jarno van Lente 0-0: Foul Ball, location: 2F
0-1: Called Strike
0-2: Strikes out swinging
Batting: LHB Bob Dietz 0-0: Foul Ball, location: 2F
0-1: Called Strike
0-2: Ball
1-2: Ball
2-2: SINGLE (Flyball, 34D, EV 96.9 MPH)
Pitching: RHP Jonathan Simi
Batting: SHB Chris Keziah 0-0: Ball
1-0: Ball
2-0: Called Strike
2-1: Called Strike
2-2: Ball
3-2: Strikes out swinging
Bottom of the 4th over - 0 runs, 1 hit, 0 errors, 1 left on base; Kelowna 2 - Houston 5
TOP OF THE 5TH
Kelowna Heat batting - Pitching for Houston Colt .45's : LHP Mark Sanders
Batting: RHB Miguel Gonzalez 0-0: Ball
1-0: Foul Ball, location: 2F
1-1: Foul Ball, location: 2F
1-2: Ball
2-2: SINGLE (Groundball, 4MD, EV 95.6 MPH)
Batting: RHB Sadataka Kuwahara 0-0: Called Strike
0-1: Ball
1-1: Ball
2-1: Ball
3-1: Base on Balls
Miguel Gonzalez to second
Batting: LHB Chris West 0-0: Swinging Strike
0-1: Grounds into double play, 4-6-3 (Groundball, 4, EV 84.4 MPH)
Miguel Gonzalez to third
Batting: RHB Billy Pranger 0-0: Foul Ball, location: 2F
0-1: Foul Ball, location: 2F
0-2: Ball
Wild Pitch!
Miguel Gonzalez scores
1-2: SINGLE (Groundball, 25, EV 67.5 MPH) (infield hit)
Batting: LHB Steve Nevis 0-0: Ground out U3 (Groundball, 3, EV 97.5 MPH)
Top of the 5th over - 1 run, 2 hits, 0 errors, 1 left on base; Kelowna 3 - Houston 5
BOTTOM OF THE 5TH
Houston Colt .45's batting - Pitching for Kelowna Heat : RHP Jonathan Simi
Batting: RHB Nate Britton 0-0: Ball
1-0: Ball
2-0: Called Strike
2-1: Fly out, F8 (Flyball, 78D, EV 102.5 MPH)
Batting: RHB Jason Monico 0-0: Ball
1-0: Ball
2-0: Foul Ball, location: 2F
2-1: Fly out, F7 (Flyball, 7, EV 96.3 MPH)
Batting: RHB To-wai Chen 0-0: Ball
1-0: Ball
2-0: Called Strike
2-1: Foul Ball, location: 2F
2-2: Fly out, F2 (Popup, 23F, EV 80.0 MPH)
Bottom of the 5th over - 0 runs, 0 hits, 0 errors, 0 left on base; Kelowna 3 - Houston 5
TOP OF THE 6TH
Kelowna Heat batting - Pitching for Houston Colt .45's : LHP Mark Sanders
Batting: RHB Malik Sharpless 0-0: Foul Ball, location: 2F
0-1: Ball
1-1: Ball
2-1: Ground out 5-3 (Groundball, 5S, EV 93.1 MPH)
Batting: LHB Takaaki Nishimoto 0-0: Ground out 3-1 (Groundball, 34, EV 88.1 MPH)
Batting: RHB Josh Truell 0-0: Ball
1-0: Called Strike
1-1: Swinging Strike
1-2: Strikes out looking
Top of the 6th over - 0 runs, 0 hits, 0 errors, 0 left on base; Kelowna 3 - Houston 5
BOTTOM OF THE 6TH
Houston Colt .45's batting - Pitching for Kelowna Heat : RHP Jonathan Simi
Batting: RHB Keith Goodwin 0-0: Foul Ball, location: 2F
0-1: Ground out 5-3 (Groundball, 56S, EV 90.6 MPH)
Batting: SHB Miguel Sierra 0-0: Called Strike
0-1: Ball
1-1: Ball
2-1: Ball
3-1: Base on Balls
Batting: RHB Erik Smith 0-0: Ball
Miguel Sierra steals 2nd base
1-0: Ball
Passed Ball!
Miguel Sierra to third
2-0: Called Strike
2-1: Foul Ball, location: 2F
2-2: Strikes out looking
Batting: RHB Jarno van Lente 0-0: Ball
1-0: Called Strike
1-1: Called Strike
1-2: Foul Ball, location: 2F
1-2: Ball
2-2: Foul Ball, location: 2F
2-2: Ground out 5-3 (Groundball, 5, EV 108.8 MPH)
Bottom of the 6th over - 0 runs, 0 hits, 0 errors, 1 left on base; Kelowna 3 - Houston 5
TOP OF THE 7TH
Kelowna Heat batting - Pitching for Houston Colt .45's : LHP Mark Sanders
Batting: RHB Dave Putnam 0-0: Ground out 6-3 (Groundball, 6MS, EV 67.5 MPH)
Batting: RHB Miguel Gonzalez 0-0: Ball
1-0: Called Strike
1-1: Ball
2-1: Ball
3-1: Fly out, F8 (Flyball, 8LXD, EV 102.5 MPH)
Batting: RHB Sadataka Kuwahara 0-0: Ball
1-0: Ball
2-0: Ball
3-0: Called Strike
3-1: Base on Balls
Batting: LHB Chris West 0-0: Foul Ball, location: 2F
0-1: Ball
Sadataka Kuwahara steals 2nd base
1-1: Fly out, F5 (Popup, 56, EV 76.3 MPH)
Top of the 7th over - 0 runs, 0 hits, 0 errors, 1 left on base; Kelowna 3 - Houston 5
BOTTOM OF THE 7TH
Houston Colt .45's batting - Pitching for Kelowna Heat : RHP Jonathan Simi
Pitching: LHP Jimmy Heinecke
Batting: LHB Bob Dietz 0-0: Fly out, F7 (Flyball, 7LM, EV 92.5 MPH)
Batting: SHB Chris Keziah 0-0: Called Strike
0-1: Called Strike
0-2: Foul Ball, location: 2F
0-2: Foul Ball, location: 2F
0-2: Ball
1-2: Ball
2-2: Foul Ball, location: 2F
2-2: Ball
3-2: DOUBLE (Line Drive, 9LS, EV 100.6 MPH)
Batting: RHB Nate Britton 0-0: Ball
1-0: Ground out 5-3 (Groundball, 56, EV 91.3 MPH)
Batting: RHB Jason Monico 0-0: Intentional Walk
Batting: RHB To-wai Chen 0-0: Fly out, F9 (Flyball, 9S, EV 84.4 MPH)
Bottom of the 7th over - 0 runs, 1 hit, 0 errors, 2 left on base; Kelowna 3 - Houston 5
TOP OF THE 8TH
Kelowna Heat batting - Pitching for Houston Colt .45's : LHP Mark Sanders
Pitching: RHP Devin Spears
Now in CF: Miguel Sierra
Now in RF: Juan Mendoza
Batting: RHB Billy Pranger 0-0: Ball
1-0: Ball
2-0: Ball
3-0: Base on Balls
Batting: LHB Steve Nevis 0-0: Called Strike
0-1: Called Strike
0-2: Ball
1-2: Strikes out swinging
Batting: RHB Malik Sharpless 0-0: SINGLE (Line Drive, 6MD, EV 98.1 MPH)
Billy Pranger to second
Runner from 2nd tries for 3rd, SAFE, throw by CF made to third
Batting: LHB Takaaki Nishimoto 0-0: Ball
1-0: Ball
2-0: Ball
3-0: Base on Balls
Malik Sharpless to second
Batting: RHB Josh Truell 0-0: Ball
1-0: Called Strike
1-1: Ball
2-1: Foul Ball, location: 2F
2-2: Strikes out looking
Pitching: LHP T.J. Westover
Batting: RHB Dave Putnam 0-0: Ball
1-0: Ball
Passed Ball!
Billy Pranger scores
Malik Sharpless to third
Takaaki Nishimoto to second
2-0: Swinging Strike
2-1: Called Strike
2-2: Ball
3-2: Strikes out looking
Top of the 8th over - 1 run, 1 hit, 0 errors, 2 left on base; Kelowna 4 - Houston 5
BOTTOM OF THE 8TH
Houston Colt .45's batting - Pitching for Kelowna Heat : LHP Jimmy Heinecke
Pitching: RHP Jay Kouns
Batting: RHB Keith Goodwin 0-0: Swinging Strike
0-1: Ball
1-1: Swinging Strike
1-2: Strikes out swinging
Batting: SHB Miguel Sierra 0-0: Foul Ball, location: 2F
0-1: Ball
1-1: Ball
2-1: Swinging Strike
2-2: SINGLE (Groundball, 34S, EV 68.8 MPH) (infield hit)
Batting: RHB Erik Smith 0-0: Called Strike
Miguel Sierra steals 2nd base
0-1: Ball
1-1: Ball
2-1: DOUBLE (Line Drive, 89M, EV 100.0 MPH)
Miguel Sierra scores
Batting: RHB Jarno van Lente 0-0: Ball
1-0: Foul Ball, location: 2F
1-1: Swinging Strike
1-2: Strikes out swinging
Batting: RHB Juan Mendoza 0-0: Called Strike
0-1: Ball
1-1: Ball
2-1: Foul Ball, location: 2F
2-2: Ball
3-2: Foul Ball, location: 2F
3-2: Fly out, F8 (Flyball, 89XD, EV 100.6 MPH)
Bottom of the 8th over - 1 run, 2 hits, 0 errors, 1 left on base; Kelowna 4 - Houston 6
TOP OF THE 9TH
Kelowna Heat batting - Pitching for Houston Colt .45's : LHP T.J. Westover
Batting: RHB Miguel Gonzalez 0-0: Ball
1-0: Ball
2-0: Called Strike
2-1: Ball
3-1: Called Strike
3-2: Base on Balls
Batting: RHB Sadataka Kuwahara 0-0: Called Strike
0-1: Ball
1-1: Swinging Strike
1-2: Strikes out looking
Batting: LHB Chris West 0-0: Ball
1-0: Called Strike
1-1: SINGLE (Line Drive, 89S, EV 108.8 MPH)
Miguel Gonzalez to second
Pitching: RHP Russ Greer
Batting: RHB Billy Pranger 0-0: Foul Ball, location: 2F
0-1: Swinging Strike
0-2: Foul Ball, location: 2F
0-2: Grounds into double play, 5-4-3 (Groundball, 5, EV 90.6 MPH)
Top of the 9th over - 0 runs, 1 hit, 0 errors, 1 left on base; Kelowna 4 - Houston 6
Thursday, March 31st , 2022 - OOTP Baseball 22.12 Build 89